AoeStats
← the shy

African Clearing

504690038Analyzed
4v4 RM · 27d ago on Sep 6, 2026· 47m 6s· 8 players
Game mode
Random Map
Map size
Large (8 player)
Population
200
Speed
Normal
Resources
Standard
Victory
Conquest
Starting age
Dark Age
Ending age
Imperial Age
RankedLock teamsTeams togetherTeam positionsShared explorationLock speedFull tech treeHidden civsTurbo modeCheats
Victory
Defeat
🇨🇳 Japanese · China
1673
+12
1585
+15
🇹🇷 Cumans · Türkiye
1573
+15
🇨🇳 Khmer · China
1555
+16
1606
-16
🇱🇻 Persians · Latvia
1582
-15
🇺🇸 Spanish · United States
1550
-14
🇵🇱 Gurjaras · Poland
1532
-13
Silence
4:51 Loom
11:35 Loom
13:58 Feudal Age
15:13 Double-Bit Axe
17:34 Castle Age
30:15 Town Watch
30:39 Scale Barding Armor
31:23 Husbandry
32:42 Fletching
34:57 Horse Collar
40:02 Chain Barding Armor
40:06 Herbal Medicine
40:28 Bloodlines
42:02 Fervor
Zuvubii
12:12 Feudal Age
11:43 Loom
12:37 Double-Bit Axe
13:25 Loom
15:40 Horse Collar
22:31 Castle Age
23:17 Bloodlines
23:08 Husbandry
23:14 Gold Mining
24:37 Bow Saw
25:05 Wheelbarrow
25:08 Forging
25:03 Scale Barding Armor
26:24 Heavy Plow
29:28 Chain Barding Armor
t๏tคlเк๏ร
11:44 Loom
14:14 Feudal Age
18:48 Castle Age
16:56 Double-Bit Axe
22:00 Bow Saw
21:42 Stone Mining
21:43 Gold Mining
23:58 Fishing Lines
25:00 Horse Collar
25:13 Gillnets
28:24 Heavy Plow
32:36 Scale Mail Armor
33:51 Fletching
35:19 Bodkin Arrow
35:30 Kshatriyas
36:30 Ballistics
36:24 Thumb Ring
36:21 Padded Archer Armor
37:31 Leather Archer Armor
40:04 Imperial Age
39:08 Masonry
40:56 Bracer
41:18 Conscription
40:23 Elite Elephant Archer
41:54 Elite Skirmisher
43:54 Chemistry
44:04 Wheelbarrow
Lic. Omar González López III
4:41 Loom
4:57 Loom
14:52 Feudal Age
18:23 Castle Age
17:33 Double-Bit Axe
17:31 Horse Collar
19:17 Bow Saw
32:56 Fletching
35:54 Imperial Age
33:42 Fletching
34:29 Bodkin Arrow
35:16 Wheelbarrow
36:03 Padded Archer Armor
37:08 Bracer
38:56 Leather Archer Armor
40:17 Ring Archer Armor
41:40 Chemistry
41:57 Two-Man Saw
40:48 Gold Mining
40:48 Stone Mining
42:07 Ballistics
42:10 Conscription
41:35 Treadmill Crane
42:05 Masonry
42:46 Silk Road
42:01 Elite Genoese Crossbowman
Itgetsdarker
9:48 Loom
12:33 Feudal Age
15:34 Double-Bit Axe
22:03 Castle Age
20:53 Fletching
21:42 Padded Archer Armor
22:07 Crossbowman
23:10 Bodkin Arrow
25:06 Gold Mining
26:22 Ballistics
35:57 Imperial Age
35:15 Bow Saw
34:50 Horse Collar
35:47 Gold Shaft Mining
36:50 Thumb Ring
37:46 Wheelbarrow
36:56 Town Watch
39:14 Parthian Tactics
40:46 Hand Cart
42:43 Bloodlines
42:58 Heavy Cavalry Archer
44:46 Leather Archer Armor
47:46 Two-Man Saw
46:41 Stone Mining
the shy
4:44 Loom
14:09 Feudal Age
17:55 Castle Age
16:40 Double-Bit Axe
19:14 Bow Saw
19:53 Wheelbarrow
25:07 Horse Collar
25:47 Husbandry
25:58 Bloodlines
29:26 Imperial Age
27:17 Scale Barding Armor
27:14 Gold Mining
28:31 Husbandry
28:42 Bloodlines
29:16 Chain Barding Armor
29:07 Forging
29:47 Heavy Plow
30:54 Conscription
33:51 Stone Mining
33:50 Fishing Lines
34:02 Light Cavalry
35:20 Plate Barding Armor
35:20 Iron Casting
35:45 Iron Casting
36:39 Gold Shaft Mining
36:40 Stone Shaft Mining
36:34 Elite Battle Elephant
37:58 Fletching
40:19 Blast Furnace
40:38 Tusk Swords
41:25 Hand Cart
41:05 Town Watch
41:50 Ballistics
41:56 Town Patrol
42:03 Gillnets
44:56 Chemistry
43:59 Heavy Scorpion
45:28 Crop Rotation
46:36 Double Crossbow
赢了就睡觉
9:24 Loom
14:03 Feudal Age
15:01 Fishing Lines
18:00 Castle Age
16:07 Double-Bit Axe
17:25 Fishing Lines
20:04 Town Watch
20:54 Wheelbarrow
21:30 Wheelbarrow
21:58 Gillnets
26:14 Hand Cart
26:26 Pikeman
27:16 Fletching
28:00 Ballistics
27:44 Padded Archer Armor
28:30 Bodkin Arrow
29:31 Scale Mail Armor
29:43 Forging
30:56 Squires
31:35 Chain Mail Armor
37:33 Imperial Age
35:33 Bloodlines
35:23 Husbandry
35:30 Horse Collar
36:11 Thumb Ring
36:25 Thumb Ring
39:30 Chemistry
38:35 Siege Engineers
37:57 Heavy Cavalry Archer
39:02 Parthian Tactics
38:38 Bracer
39:27 Kataparuto
39:27 Conscription
39:57 Leather Archer Armor
42:17 Ring Archer Armor
41:48 Gold Mining
41:49 Stone Mining
42:33 Coinage
42:36 Masonry
42:07 Treadmill Crane
43:13 Plate Mail Armor
43:18 Iron Casting
42:48 Yasama
42:49 Elite Skirmisher
43:55 Guard Tower
45:15 Elite Samurai
46:30 Hoardings
46:57 Blast Furnace
45:44 Arson
45:44 Gambesons
CTM | Lelouch jugando borracho
3:16 Loom
12:54 Feudal Age
16:42 Castle Age
15:16 Double-Bit Axe
25:46 Scale Mail Armor
33:33 Wheelbarrow
32:43 Town Watch
32:51 Horse Collar
36:03 Heavy Plow
36:19 Bow Saw
37:57 Gold Mining
38:27 Fletching
38:41 Guard Tower
39:11 Ballistics
40:35 Hand Cart
40:39 Bodkin Arrow
45:13 Imperial Age
42:56 Padded Archer Armor
43:04 Murder Holes
44:02 Leather Archer Armor
43:40 Elite Skirmisher
44:25 Thumb Ring
45:02 Stone Mining
45:48 Gold Shaft Mining
45:57 Bracer
46:29 Ring Archer Armor
47:01 Chemistry
46:37 Keep
45:48 Arrowslits
46:00 Heavy Rocket Cart
48:37 Two-Man Saw
Connection lost

Rejoining the realm…

Still unreachable

The connection could not be restored.

Session expired

The server has moved on; the page needs a fresh start.